 Dungeon Crawl Stone Soup version 0.20-a0-1006-ge6c5631 (webtiles) character file.

28 Hook the Sneak (level 3, -2/28 HPs)
             Began as a Demonspawn Assassin on Apr 12, 2017.
             Slain by Terence
             ... wielding a +0 flail
              (4 damage)
             ... on level 1 of the Dungeon on Apr 13, 2017.
             The game lasted 00:04:56 (1393 turns).

Hook the Sneak (Demonspawn Assassin)                Turns: 1393, Time: 00:04:57

Health: -2/28      AC:  5    Str: 11    XL:     3   Next: 0%
Magic:  3/3        EV: 12    Int: 12    God:
Gold:   80         SH:  0    Dex: 15    Spells: 2/2 levels left

rFire    . . .     SeeInvis .   b - +0 blowgun
rCold    . . .     Gourm    .   (no shield)
rNeg     . . .     Faith    .   c - +0 robe
rPois    .         Spirit   .   (no helmet)
rElec    .         Reflect  .   d - +0 cloak
rCorr    .         Harm     .   (no gloves)
MR       .....                  (no boots)
Stlth    +++.......             (no amulet)
Regen    0.1/turn               (no ring)
MPRegen  0.1/turn               (no ring)

@: no status effects
A: thin metallic scales 1
a: no special abilities


You were on level 1 of the Dungeon.
You were not hungry.

You visited 1 branch of the dungeon, and saw 2 of its levels.

You collected 80 gold pieces.

Inventory:

Hand Weapons
 a - a +2 dagger
 b - a +0 blowgun (weapon)
Missiles
 e - 6 poisoned needles (quivered)
 f - 2 curare-tipped needles
Armour
 c - a +0 robe (worn)
 d - a +0 cloak (worn)
Jewellery
 j - an uncursed ring of ice {unknown}
Scrolls
 h - 2 scrolls of identify {unknown}
Potions
 i - 2 potions of ambrosia {unknown}
 k - a potion of curing {unknown}
Comestibles
 g - a chunk of flesh


   Skills:
 * Level 2.4 Fighting
 + Level 1.9 Short Blades
 - Level 1.7 Throwing
 + Level 1.3 Dodging
 * Level 4.1 Stealth


You had 2 spell levels left.
You didn't know any spells.

Dungeon Overview and Level Annotations

Branches:
Dungeon (2/15)

Altars:

Annotations:
D:1 Terence


Innate Abilities, Weirdness & Mutations

You are partially covered in thin metallic scales. (AC +2)


Message History

The jackal bites you. Terence hits you with a flail.
* * * LOW HITPOINT WARNING * * *
You are too injured to fight recklessly!
You are too injured to fight recklessly!
Firing (i - inventory. (,) - cycle):
e - 8 poisoned needles (quivered)
Press: ? - help, Shift-Dir - straight line, f - Terence
Aim: Terence, wielding a flail and wearing a scale mail (fast)
You shoot a poisoned needle. The poisoned needle hits Terence.
Terence is poisoned.
Terence misses you. Terence barely misses you.
Firing (i - inventory. (,) - cycle):
e - 7 poisoned needles (quivered)
Press: ? - help, Shift-Dir - straight line, f/p - Terence
Aim: Terence, wielding a flail and wearing a scale mail (lightly wounded, fast, poisoned)
You shoot a poisoned needle. The poisoned needle hits Terence.
Terence looks even sicker.
Terence is lightly wounded.
Terence hits you with a flail.
* * * LOW HITPOINT WARNING * * *
Terence is no longer moving quickly.
Terence hits you with a flail.
You die...

#.# #.# #####.##### #####.# #
#...#.#...# #...#.# #
#...#.#...#######...... #####
##...#.#...#............ ....#
#...(+)+...'...)........ ....#
###..##h..##.#.......).... ....#
#....#8.@.8#.#............
....####.#..##..@##########......
............##...##⌠###8###......
............##.........).##......
............#8...........8#......
............##...........##......
..........#####8###⌠##...##......
).........'.##########...##.>..#.
..........####'#.##.#8...8#....#.
######....# #.....#.##...##....##


You could see Terence and a jackal.

Vanquished Creatures
  2 leopard geckos (D:1)
  6 bats (D:1)
  5 giant cockroaches (D:1)
  5 goblins (D:1)
  A hobgoblin (D:1)
  A frilled lizard (D:1)
  3 kobolds (D:1)
  2 rats (D:1)
25 creatures vanquished.

Notes
Turn   | Place    | Note
-------+----------+-------------------------------------------
     0 | D:1      | Hook the Demonspawn Assassin began the quest for the Orb.
     0 | D:1      | Reached XP level 1. HP: 16/16 MP: 1/1
    71 | D:1      | Reached skill level 1 in Dodging
   210 | D:1      | Gained mutation: You are partially covered in thin metallic scales. (AC +2) [demonic ancestry]
   210 | D:1      | Reached XP level 2. HP: 15/22 MP: 2/2
   452 | D:1      | Reached skill level 4 in Stealth
  1159 | D:1      | Upgraded the game from 0.20-a0-1000-g0e8f6bb to 0.20-a0-1006-ge6c5631
  1184 | D:1      | Reached XP level 3. HP: 28/28 MP: 3/3
  1342 | D:2      | Noticed Terence
  1391 | D:1      | HP: 1/28 [Terence/flail (5)]
  1393 | D:1      | Slain by Terence

Vault maps used:
D:1:      minmay_arrival_hallway, serial_corexii_hall, corexii_hall_statues_x,
          corexii_hall_statues_s
D:2:      first_bread, uniq_terence

Skill      XL: |  1  2 |
---------------+-------+-----
Dodging        | 1 |  1.3
Stealth        | 4 |  4.1
Fighting       | |  2.4
Short Blades   | |  1.9
Throwing       | |  1.7

Action                   || total
-------------------------++-------
Melee: Dagger            ||    87
 Fire: Blowgun           ||     8
 Stab: Sleeping          ||     4
  Eat: Bread ration      ||     1
Armor: Robe              ||    54
Dodge: Dodged            ||    70
